 Dungeon Crawl Stone Soup version 0.21.0-3-g78d12a8 (webtiles) character file.

41869 lonegoat the Impaler (level 13, -26/123 HPs)
             Began as a Minotaur Berserker on Jan 5, 2018.
             Was a High Priest of Trog.
             Annihilated by a very large slime creature (43 damage)
             ... on level 15 of the Dungeon on Jan 13, 2018.
             The game lasted 02:34:48 (19776 turns).

lonegoat the Impaler (Minotaur Berserker)          Turns: 19776, Time: 02:34:48

Health: -26/123    AC: 22    Str: 26    XL:     13   Next: 82%
Magic:  12/12      EV: 13    Int:  8    God:    Trog [*****.]
Gold:   1592       SH:  0    Dex: 11    Spells: 12/12 levels left

rFire    . . .     SeeInvis +   a - +9 glaive "Dragon's Undoing" {speed, *Slow rC+ Int+4 SInv}
rCold    + . .     Gourm    +   (shield currently unavailable)
rNeg     . . .     Faith    .   d - +1 plate armour {rPois}
rPois    +         Spirit   .   E - +0 hat
rElec    .         Reflect  .   y - +0 cloak
rCorr    +         Harm     .   (no gloves)
MR       .....                  P - +2 pair of boots
Stlth    ..........             G - amulet of the gourmand
HPRegen  0.30/turn              m - +3 ring of evasion
MPRegen  0.13/turn              T - ring of resist corrosion

@: about to teleport
A: retaliatory headbutt, horns 2
a: Berserk, Trog's Hand, Brothers in Arms, Burn Spellbooks, Renounce Religion


You were on level 15 of the Dungeon.
You worshipped Trog.
Trog was extremely pleased with you.
You were completely stuffed.

You visited 3 branches of the dungeon, and saw 18 of its levels.
You visited 1 bazaar.
You also visited: Sewer.

You collected 1634 gold pieces.
You spent 42 gold pieces at shops.

Inventory:

Hand Weapons
 a - the +9 glaive "Dragon's Undoing" (weapon) {speed, *Slow rC+ Int+4 SInv}
   (You found it on level 12 of the Dungeon)

   Attacks with this weapon are significantly faster.
   It affects your intelligence (+4).
   It protects you from cold.
   It lets you see invisible.
   It may slow you when you take damage.
 b - a +2 hunting sling of flaming
 o - a +3 halberd of freezing
 u - a +4 war axe of electrocution
 B - a +6 trident of flaming
Missiles
 w - 137 sling bullets
 A - 9 tomahawks of returning (quivered)
Armour
 d - a +1 plate armour of poison resistance (worn)
 y - a +0 cloak (worn)
 E - a +0 hat (worn)
 H - a +0 buckler
 J - a +2 troll leather armour {Snorg}
 P - a +2 pair of boots (worn)
 Z - a +2 chain mail of cold resistance
Jewellery
 m - a +3 ring of evasion (left hand)
 z - an uncursed amulet of magic regeneration
 G - an amulet of the gourmand (around neck)
 L - an uncursed ring of ice
 R - an uncursed ring of flight {unknown}
 T - a ring of resist corrosion (right hand)
Wands
 e - a wand of flame (52)
 F - a wand of scattershot (5)
 S - a wand of iceblast (9)
 V - a wand of polymorph (12)
 W - a wand of digging (14)
 X - a wand of enslavement (12)
 Y - a wand of random effects (18)
Scrolls
 i - 5 scrolls of magic mapping {unknown}
 j - 3 scrolls of identify
 n - 4 scrolls of remove curse
 q - 3 scrolls of blinking {unknown}
 s - 10 scrolls of teleportation
 D - 5 scrolls of fear {unknown}
 M - 2 scrolls of immolation {unknown}
 O - 6 scrolls of amnesia {unknown}
 Q - 5 scrolls of enchant armour {unknown}
 U - 2 scrolls of torment {unknown}
Potions
 f - 3 potions of might
 g - 7 potions of flight {unknown}
 h - 3 potions of brilliance {unknown}
 k - 2 potions of resistance {unknown}
 l - 4 potions of agility {unknown}
 p - 3 potions of cancellation {unknown}
 r - 4 potions of lignification {unknown}
 t - a potion of haste {unknown}
 x - 2 potions of degeneration {unknown}
 C - 2 potions of ambrosia {unknown}
 I - a potion of magic {unknown}
 K - 2 potions of mutation {unknown}
 N - 6 potions of curing
Comestibles
 c - 41 rations
 v - 7 chunks of flesh


   Skills:
 + Level 13.8 Fighting
 - Level 9.9(14.2) Axes
   Level 3.6(7.3) Maces & Flails
 + Level 16.0(16.9) Polearms
 + Level 4.1 Slings
 + Level 13.8 Armour
 + Level 5.0 Dodging
 - Level 1.0 Stealth
 + Level 3.9 Shields


You had 12 spell levels left.
You didn't know any spells.

Dungeon Overview and Level Annotations

Branches:
Dungeon (15/15)            Temple (1/1) D:5            Lair (0/6) D:9
    Orc (2/2) D:12         Vaults (0/5) D:13
    Elf: Orc:2       Depths: D:15

Altars:
Ashenzari
Cheibriados
Dithmenos
Elyvilon
Fedhas
Gozag
Hepliaklqana
Kikubaaqudgha
Makhleb
Nemelex Xobeh
Okawaru
Qazlal
Ru
Sif Muna
Trog
Uskayaw
Vehumet
Wu Jian
Xom
Yredelemnul
Zin
The Shining One
Beogh
Lugonu

Shops:
D:8 }   D:12 *


Innate Abilities, Weirdness & Mutations

You reflexively headbutt those who attack you in melee.
You have a pair of horns on your head.


Message History

The very large slime creature hits you!!
You slice the very large slime creature!!
The very large slime creature is heavily wounded.
The very large slime creature closely misses you.
You furiously retaliate!
You headbutt the very large slime creature!
You hit the very large slime creature.
You headbutt the very large slime creature!
The very large slime creature is severely wounded.
You slice the very large slime creature!!
You headbutt the very large slime creature, but do no damage.
The very large slime creature is almost dead.
The very large slime creature hits you!!!
As you read the scroll of teleportation, it crumbles to dust.
You feel strangely unstable.
The very large slime creature hits you!!!
* * * LOW HITPOINT WARNING * * *
You feel better.
The very large slime creature hits you!!!
You die...

### ### #?# #.#
#....# #.# #.#
#....# #.# #.#
#....# #.# #@#
#....# #.# #J#
#....# #.#
#p#########....#
#.#
#t.............#
#.#
#..............###
#.#
#..........)....†.
#.#
#..............<).
#.#
#...........)#####
#.# #............#


You could see a very large slime creature, a human shaped shifter and a
crocodile.

Vanquished Creatures
  Kirke (D:12)
  An orc warlord (Orc:2)
  The ghost of ChromeMolly the Unseen, a journeyman OpFi of Gozag (Orc:2)
  Snorg (D:13)
  A vault guard (D:13)
  Erolcha (D:11)
  The ghost of pomescollege the Impaler, a journeyman MfMo of Okawaru (D:11)
  3 centaur warriors (D:13)
  An orc high priest (Orc:1)
  3 two-headed ogres
  Nergalle (D:11)
  An unseen horror (D:14)
  2 wizards
  3 necromancers (D:13)
  2 orc knights
  A deep elf mage (D:14)
  6 orc sorcerers
  2 ugly things
  3 cyclopes (D:13)
  2 manticores (D:14)
  Psyche (D:12)
  A kobold demonologist (D:13)
  The ghost of mirrorencyclopedia the Basher, a novice GrFi of Ru (D:5)
  3 trolls
  7 slime creatures
  3 hippogriffs
  2 wyverns (D:13)
  A wraith (D:13)
  17 humans (D:13)
  12 yaks
  A fire bat (shapeshifter) (D:13)
  5 hogs (D:12)
  Grum (D:8)
  A hungry ghost (D:10)
  3 vampire mosquitoes (D:13)
  An acid dragon (D:13)
  24 orc warriors
  5 black bears
  3 porcupines (D:9)
  2 ice beasts
  A necrophage (D:9)
  5 phantoms
  9 ogres
  4 wolves (D:8)
  17 centaurs
  A crocodile (D:9)
  4 big kobolds (Sewer)
  8 bullfrogs
  5 scorpions
  A wyvern skeleton (D:11)
  12 killer bees
  6 howler monkeys
  6 wights
  5 crimson imps
  A quasit (D:10)
  A bullfrog zombie (D:6)
  A centaur skeleton (D:8)
  2 bullfrog skeletons
  A gnoll shaman (D:6)
  26 orc priests
  4 hounds
  7 jellies
  5 centaur zombies
  3 iguanas
  Jessica (D:3)
  23 orc wizards
  11 worker ants
  A killer bee zombie (D:5)
  A hound zombie (D:6)
  A hound skeleton (D:11)
  2 worker ant zombies
  9 adders
  12 gnolls
  2 shadow imps
  8 oozes
  4 worms
  2 dart slugs
  10 leopard geckos
  103 orcs
  4 giant cockroaches
  7 goblins
  11 hobgoblins
  9 jackals
  7 quokkas
  7 ball pythons
  8 bats
  4 frilled lizards
  14 kobolds
  2 leopard gecko zombies
  A quokka skeleton (D:4)
  15 rats
  2 demonic plants (Temple)
  2 fungi (Sewer)
  2 plants (Sewer)
551 creatures vanquished.

Vanquished Creatures (collateral kills)
  A two-headed ogre (D:8)
  Sonja (D:11)
  An orc warrior (D:11)
  2 wights (D:7)
  An adder (D:8)
  3 orcs (D:11)
9 creatures vanquished.

Vanquished Creatures (others)
  A human (D:12)
  2 orc wizards
  6 fungi (D:9)
9 creatures vanquished.

Grand Total: 569 creatures vanquished

Notes
Turn   | Place    | Note
-------+----------+-------------------------------------------
     0 | D:1      | lonegoat the Minotaur Berserker began the quest for the Orb.
     0 | D:1      | Reached XP level 1. HP: 19/19 MP: 0/0
   365 | D:1      | Reached XP level 2. HP: 25/27 MP: 1/1
   383 | D:1      | Reached skill level 4 in Polearms
   670 | D:1      | Reached XP level 3. HP: 33/33 MP: 2/2
  1655 | D:2      | Found a basalt altar of Yredelemnul.
  1880 | D:2      | Reached ** piety under Trog
  1908 | D:2      | Reached XP level 4. HP: 41/41 MP: 3/3
  1963 | D:2      | Found a radiant altar of Vehumet.
  2087 | D:2      | Found an ornate altar of the Wu Jian Council.
  2238 | D:2      | Reached skill level 5 in Fighting
  2681 | D:3      | Noticed Jessica
  2692 | D:3      | Killed Jessica
  2692 | D:3      | Reached skill level 5 in Polearms
  2753 | D:3      | Reached XP level 5. HP: 48/48 MP: 4/4
  3206 | D:3      | Reached skill level 1 in Maces & Flails
  3406 | D:4      | Reached skill level 1 in Stealth
  3410 | D:4      | Reached *** piety under Trog
  3492 | D:4      | Reached XP level 6. HP: 56/56 MP: 5/5
  3539 | D:4      | Reached skill level 1 in Slings
  3633 | D:4      | Found a glowing drain.
  3677 | Sewer    | Entered a sewer
  3725 | Sewer    | Reached XP level 7. HP: 62/62 MP: 6/6
  3864 | Sewer    | Reached skill level 1 in Axes
  3941 | Sewer    | Received a gift from Trog
  4410 | D:4      | Reached skill level 5 in Armour
  4410 | D:4      | Reached skill level 1 in Shields
  4502 | D:4      | Reached XP level 8. HP: 59/70 MP: 7/7
  4887 | D:5      | Entered Level 5 of the Dungeon
  4940 | D:5      | Found a staircase to the Ecumenical Temple.
  4950 | Temple   | Entered the Ecumenical Temple
  5226 | D:5      | Found an iron altar of Okawaru.
  5230 | D:5      | Reached skill level 5 in Axes
  5471 | D:5      | Reached **** piety under Trog
  5970 | D:5      | Noticed mirrorencyclopedia's ghost (novice GrFi)
  5981 | D:5      | Killed mirrorencyclopedia's ghost
  5981 | D:5      | Reached XP level 9. HP: 67/78 MP: 8/8
  6269 | D:6      | Found a blossoming altar of Fedhas.
  6546 | D:6      | Received a gift from Trog
  6788 | D:6      | Reached ***** piety under Trog
  7944 | D:7      | Found a shimmering altar of Xom.
  8010 | D:7      | Found a basalt altar of Yredelemnul.
  8301 | D:8      | Noticed a two-headed ogre
  8302 | D:8      | Reached XP level 10. HP: 88/88 MP: 9/9
  8314 | D:8      | Killed a two-headed ogre
  8376 | D:8      | Found Qaedwublui's Gadget Shop.
  8383 | D:8      | Reached skill level 6 in Polearms
  8686 | D:8      | Noticed Grum
  8907 | D:8      | Reached skill level 7 in Polearms
  8909 | D:8      | Killed Grum
  9023 | D:8      | Found a glowing golden altar of the Shining One.
  9023 | D:8      | Found a white marble altar of Elyvilon.
  9023 | D:8      | Found a glowing silver altar of Zin.
  9501 | D:9      | Reached skill level 8 in Polearms
  9628 | D:9      | Reached skill level 9 in Polearms
  9735 | D:9      | Received a gift from Trog
  9881 | D:10     | Entered Level 10 of the Dungeon
  9927 | D:9      | Found a snail-covered altar of Cheibriados.
  9961 | D:9      | Reached skill level 10 in Polearms
 10041 | D:9      | Found a staircase to the Lair.
 10085 | D:9      | Reached XP level 11. HP: 60/97 MP: 10/10
 10488 | D:9      | Found a sacrificial altar of Ru.
 10623 | D:10     | Received a gift from Trog
 10623 | D:10     | Reached skill level 11 in Polearms
 11444 | D:11     | Noticed Erolcha
 11451 | D:11     | Killed Erolcha
 11451 | D:11     | Reached skill level 12 in Polearms
 11587 | D:11     | Noticed pomescollege's ghost (journeyman MfMo)
 11613 | D:11     | Killed pomescollege's ghost
 11652 | D:11     | Noticed Sonja
 11662 | D:11     | Killed Sonja
 12155 | D:11     | Noticed Nergalle
 12172 | D:11     | Killed Nergalle
 12344 | D:12     | Found a flickering gateway to a bazaar.
 12352 | Bazaar   | Entered a bazaar
 12359 | Bazaar   | Found Ateun's Antique Weapon Shop.
 12373 | Bazaar   | Found Mituontu's Food Boutique.
 12387 | Bazaar   | Found Dibbo's Weapon Shop.
 12401 | Bazaar   | Found Usaegiv's Food Boutique.
 12415 | Bazaar   | Found Yptupno's Jewellery Shop.
 12429 | Bazaar   | Found Pets's Food Boutique.
 12591 | D:12     | Noticed Psyche
 12600 | D:12     | Killed Psyche
 12600 | D:12     | Reached skill level 10 in Fighting
 12601 | D:12     | Received a gift from Trog
 12609 | D:12     | Found a staircase to the Orcish Mines.
 12753 | D:12     | Reached skill level 10 in Armour
 12797 | D:12     | Noticed Kirke
 12824 | D:12     | Found Xousoin's General Store.
 12846 | D:12     | Noticed a lindwurm
 12899 | D:12     | Noticed a lindwurm
 12905 | D:12     | Killed Kirke
 13063 | D:12     | Noticed a cyan ugly thing
 13073 | D:12     | Killed a cyan ugly thing
 13073 | D:12     | Reached XP level 12. HP: 108/108 MP: 11/11
 13383 | D:12     | Got a transparent glaive
 13384 | D:12     | Identified the +9 glaive "Dragon's Undoing" {speed, *Slow rC+ Int+4 SInv} (You found it on level 12 of the Dungeon)
 13610 | Orc:1    | Entered Level 1 of the Orcish Mines
 13610 | Orc:1    | Noticed a two-headed ogre
 13615 | Orc:1    | Killed a two-headed ogre
 13662 | Orc:1    | Found a roughly hewn altar of Beogh.
 13879 | Orc:2    | Entered Level 2 of the Orcish Mines
 13918 | Orc:2    | Noticed ChromeMolly's ghost (journeyman OpFi)
 13945 | Orc:2    | Killed ChromeMolly's ghost
 13959 | Orc:2    | Found a burning altar of Makhleb.
 15332 | Orc:2    | Noticed an orc warlord
 15375 | Orc:2    | Killed an orc warlord
 15778 | Orc:2    | Noticed an orc high priest
 15840 | Orc:1    | Killed an orc high priest
 15951 | Orc:2    | Paralysed by an orc sorcerer for 7 turns
 15966 | Orc:1    | Reached skill level 13 in Polearms
 16592 | Orc:2    | Noticed an orc warlord
 16857 | Orc:1    | Upgraded the game from 0.21-b1-23-g1fb0a74 to 0.21.0-3-g78d12a8
 16928 | D:12     | Bought a scroll of teleportation for 42 gold pieces
 17167 | D:13     | Reached XP level 13. HP: 119/119 MP: 12/12
 17270 | D:13     | Noticed Snorg
 17304 | D:13     | Killed Snorg
 17323 | D:13     | Got a translucent trident {venom}
 17657 | D:13     | Reached skill level 14 in Polearms
 18194 | D:13     | Found a gate to the Vaults.
 18282 | D:13     | Reached skill level 15 in Polearms
 18345 | D:13     | Received a gift from Trog
 18536 | D:13     | Found a roughly hewn altar of Beogh.
 19549 | D:14     | Reached skill level 16 in Polearms
 19603 | D:15     | Entered Level 15 of the Dungeon
 19615 | D:15     | Reached skill level 5 in Dodging
 19776 | D:15     | Annihilated by a very large slime creature

Skill      XL: |  1  2  3  4  5  6  7  8  9 10 11 12 13 |
---------------+----------------------------------------+-----
Fighting       | 4 5 6 8 9 10 12 13 | 13.8
Polearms       | 4 5 10 12 13 16 | 16.0
Armour         | 3 4 5 6 8 9 10 13 | 13.8
Maces & Flails | 1 3 |  3.6
Stealth        | 1 |  1.0
Slings         | 2 3 4 |  4.1
Axes           | 4 7 9 |  9.9
Dodging        | 3 4 5 |  5.0
Shields        | 1 2 3 |  3.9

Action                   |  1- 3 |  4- 6 |  7- 9 | 10-12 | 13-15 || total
-------------------------+-------+-------+-------+-------+-------++-------
Melee: Spear             |   109 |    37 |       |       |       ||   146
       Headbutt          |    21 |    14 |    66 |   101 |    36 ||   238
       Mace              |       |    41 |    10 |     2 |       ||    53
       War axe           |       |    23 |   290 |       |       ||   313
       Halberd           |       |       |    40 |   279 |       ||   319
       Trident           |       |       |       |   182 |       ||   182
       Glaive            |       |       |       |   249 |   234 ||   483
 Fire: Hunting sling     |       |    27 |     9 |     5 |       ||    41
Throw: Stone             |       |     5 |       |       |       ||     5
       Tomahawk          |       |       |       |     8 |       ||     8
Invok: Berserk           |       |     2 |     5 |     7 |     3 ||    17
       Burn Spellbooks   |       |     1 |     1 |     1 |       ||     3
       Trog's Hand       |       |     1 |       |    15 |       ||    16
       Brothers in Arms  |       |       |     1 |     7 |       ||     8
Evoke: Wand              |       |       |       |     2 |       ||     2
  Use: Scroll            |       |       |     3 |     5 |     1 ||     9
       Potion            |       |       |       |     4 |     2 ||     6
 Stab: Sleeping          |       |     1 |       |       |       ||     1
       Distracted        |       |       |       |     1 |       ||     1
  Eat: Chunk             |     3 |     7 |    24 |    53 |    11 ||    98
       Ration            |       |       |     2 |     1 |       ||     3
Armor: Animal skin       |     7 |     3 |       |       |       ||    10
       Chain mail        |       |    29 |   120 |   175 |       ||   324
       Plate armour      |       |       |       |    36 |    53 ||    89
Dodge: Dodged            |    26 |    56 |   153 |   291 |    67 ||   593
Block: Buckler           |       |     4 |    49 |       |       ||    53
